 Dungeon Crawl Stone Soup version 0.27-a0-773-gaaee5cf45b (webtiles) character file.

Game seed: 15559616194377789274

201 rageheart7 the Skirmisher (level 5, -1/50 HPs)
             Began as a Hill Orc Fighter on Mar 26, 2021.
             Killed by Freeze
             ... generated by an endoplasm
              (4 damage)
             ... on level 4 of the Dungeon.
             The game lasted 00:03:56 (4017 turns).

rageheart7 the Skirmisher (Hill Orc Fighter)        Turns: 4017, Time: 00:03:57

Health: -1/50      AC:  6    Str: 20    XL:     5   Next: 79%
Magic:  5/5        EV:  7    Int:  8    God:
Gold:   93         SH: 10    Dex: 10    Spells: 4/4 levels left

rFire    . . .     SeeInvis .   a - +0 war axe
rCold    . . .     Faith    .   c - +1 kite shield
rNeg     . . .     Spirit   .   b - +0 scale mail
rPois    .         Reflect  .   (no helmet)
rElec    .         Harm     .   (no cloak)
rCorr    .         Rampage  .   (no gloves)
Will     .....                  (no boots)
Stlth    ..........             (no amulet)
HPRegen  0.16/turn              q - ring of wizardry
MPRegen  0.09/turn              s - ring of wizardry

@: mighty
A: no striking features
a: no special abilities


You were on level 4 of the Dungeon.
You visited 1 branch of the dungeon, and saw 4 of its levels.

You collected 93 gold pieces.

Inventory:

Hand Weapons
 a - a +0 war axe (weapon)
Armour
 b - a +0 scale mail (worn)
 c - a +1 kite shield (worn)
Jewellery
 i - a ring of fire
 l - a ring of ice
 q - a ring of wizardry (right hand)
 s - a ring of wizardry (left hand)
 u - a ring of wizardry
Scrolls
 e - a scroll of torment
Potions
 k - a potion of invisibility {unknown}
 m - a potion of mutation {unknown}
 n - 2 potions of curing {unknown}
 r - a potion of degeneration {unknown}
 t - a potion of cancellation {unknown}


   Skills:
 + Level 6.0 Fighting
 + Level 5.6 Axes
 - Level 3.2 Armour
 - Level 3.2 Shields


You had 4 spell levels left.
You didn't know any spells.
Your spell library was empty.

Dungeon Overview and Level Annotations

Branches:
Dungeon (4/15)
 Temple: D:4-7

Altars:
Fedhas
Sif Muna

Shops:
D:1 (


Message History

The ufetubus hits you but does no damage. x2
You block the ufetubus's attack. x2
You closely miss the ufetubus. The ufetubus hits you.
* * * LOW HITPOINT WARNING * * *
The ufetubus hits you but does no damage.
You block the ufetubus's attack.
The ufetubus hits you but does no damage.
The ufetubus closely misses you. The ufetubus hits you.
* * * LOW HITPOINT WARNING * * *
You barely miss the ufetubus. You block the ufetubus's attack.
The ufetubus barely misses you. The ufetubus completely misses you.
The ufetubus closely misses you.
You slash the ufetubus!
You kill the ufetubus!
You block the ball python's attack. x2
Your Fighting skill increases to level 6!
You closely miss the ball python.
The ball python bites you but does no damage.
The ball python grabs you. The ball python constricts you.
The ball python bites you but does no damage.
The ball python constricts you.
You slice the ball python!!
You kill the ball python!
The ufetubus hits you but does no damage.
You block the ufetubus's attack.
You completely miss the ufetubus. The ufetubus hits you.
* * * LOW HITPOINT WARNING * * *
You block the ufetubus's attack. The ufetubus hits you.
* * * LOW HITPOINT WARNING * * *
The ufetubus barely misses you.
You closely miss the ufetubus. You block the ufetubus's attack. x2
The ufetubus hits you.
* * * LOW HITPOINT WARNING * * *
The ufetubus hits you but does no damage. x2
You block the ufetubus's attack.
You slash the ufetubus!
You kill the ufetubus!
The endoplasm freezes you.
You are frozen.
You die...

>,,************ ##.,,..# ####
**,,,,,,,,,,,,*##..*##.# #...
**********,,,,,,...*#..# #...
,,,* **,,,,***#.##.########...
,,,* *,,,,,* #....<.....##...
,,,* ****,***** #...######..)...
,,,* *,,,,* *#.### ####...
,,,***.##** ####..# #...
,,,,,,....####JJ@.#* ***#...
,,,,**........K##########**,,..##
,,,,,,,.#.....## ##.....#...,.##
,,,**,*,#####..###...$........,**
*****,,,,* ##.K5.JZ..........,,*
***,*,,** ##...........:...,,*
*,,,,,,,** ##............,,,,*
***,**,**,,****##..J........,,,,,
*,,,*,,***,,,,,,............,,,,*


You could see 2 endoplasms and a kobold.

Vanquished Creatures
  A hound (D:4)
  An iguana (D:4)
  6 adders
  2 ufetubi (D:4)
  2 worms (D:2)
  An orc (D:3)
  7 endoplasms
  4 giant cockroaches
  7 hobgoblins
  5 jackals
  4 quokkas
  10 ball pythons
  3 bats
  4 frilled lizards
  5 goblins
  11 kobolds
  9 rats
82 creatures vanquished.

Notes
Turn   | Place    | Note
-------+----------+-------------------------------------------
     0 | D:1      | rageheart7 the Hill Orc Fighter began the quest for the
                  | Orb.
     0 | D:1      | Reached XP level 1. HP: 19/19 MP: 1/1
   236 | D:1      | Reached skill level 4 in Fighting
   381 | D:1      | Reached XP level 2. HP: 27/27 MP: 2/2
  1025 | D:1      | Found Etel Qee's Weapon Emporium.
  1157 | D:1      | Reached XP level 3. HP: 19/34 MP: 3/3
  1551 | D:2      | Found a shimmering blue altar of Sif Muna.
  1724 | D:2      | Reached XP level 4. HP: 36/41 MP: 4/4
  1817 | D:2      | Reached skill level 5 in Fighting
  2240 | D:3      | Found a faded altar of an unknown god.
  2790 | D:3      | Found a blossoming altar of Fedhas.
  3374 | D:3      | Reached skill level 5 in Axes
  3374 | D:3      | Reached XP level 5. HP: 47/48 MP: 5/5
  4013 | D:4      | Reached skill level 6 in Fighting
  4017 | D:4      | Killed from afar by an endoplasm

Illustrated notes

Levels and vault maps discovered:
D:1:      saegor_arrival_simple_a, layout_loops_corners, serial_shops, shop
D:2:      layout_rooms, nicolae_sif_muna_condensation
D:3:      minmay_evil_eye, layout_loops_corners, lemuel_round_altar,
          chequers_ecumenical_altar_island, grunt_ministairs_3
D:4:      layout_rooms, grunt_dithmenos_smoke, nicolae_underground_beach

Skill      XL: |  1  2  3  4  5 |
---------------+----------------+-----
Fighting       | 4 5 6 |  6.0
Axes           | 3 4 5 |  5.6
Armour         | |  3.2
Shields        | |  3.2

Action                   |  1- 3 |  4- 6 || total
-------------------------+-------+-------++-------
Melee: War axe           |   126 |   152 ||   278
  Use: Scroll            |       |     8 ||     8
       Potion            |       |     1 ||     1
Armor: Scale mail        |    68 |    73 ||   141
Dodge: Dodged            |    42 |    67 ||   109
Block: Kite shield       |    73 |    83 ||   156

Table legend: (Time is in decaauts)
 A = Elapsed time spent in this place.
 B = Non-inter-level travel time spent in this place.
 C = Inter-level travel time spent in this place.
 D = Time resting spent in this place.
 E = Time spent auto-exploring this place.
 F = Levels seen in this place.
 G = Mean time per level.
                   A        B        C        D        E       F      G
               +--------+--------+--------+--------+--------+-----+--------+
         Total |   4169 |   4071 |     98 |   1120 |   2276 |   4 | 1042.2 |
       Dungeon |   4169 |   4071 |     98 |   1120 |   2276 |   4 | 1042.2 |
               +--------+--------+--------+--------+--------+-----+--------+

Top non-repeatable levels by time:
     D:3: 1591 daAuts
     D:1: 1507 daAuts
     D:2: 815 daAuts
     D:4: 255 daAuts
